 Dungeon Crawl Stone Soup version 0.26-a0-808-g930a2b7adc (webtiles) character file.

Game seed: 3833607572287093448

25193 Morbidden the Demonic Aeon (level 12, -3/94 HPs)
             Began as a Demonspawn Brigand on Nov 12, 2020.
             Was the Champion of Cheibriados.
             Slain by a two-headed ogre
             ... wielding a +0 giant spiked club
              (19 damage)
             ... on level 14 of the Dungeon.
             The game lasted 00:26:29 (14748 turns).

Morbidden the Demonic Aeon (Demonspawn Brigand)    Turns: 14748, Time: 00:26:29

Health: -3/94      AC: 22    Str: 27    XL:     12   Next: 87%
Magic:  0/22       EV:  7    Int: 31    God:    Cheibriados [******]
Gold:   673        SH: 18    Dex: 31    Spells: 18/25 levels left

rFire    + . .     SeeInvis .   b - +3 scimitar (flame)
rCold    + . .     Faith    .   F - +0 tower shield
rNeg     . . .     Spirit   +   I - +3 plate armour {rC+}
rPois    .         Reflect  .   (helmet unavailable)
rElec    .         Harm     .   c - +0 cloak
rCorr    +         Rampage  .   h - +0 pair of gloves (curse)
MR       .....                  (no boots)
Stlth    ..........             n - amulet of guardian spirit
HPRegen  0.25/turn              k - ring of flight
MPRegen  0.18/turn              C - ring of resist corrosion

@: very slow
A: horns 3, molten scales 3, demonic guardian 1
a: Bend Time, Temporal Distortion, Slouch, Step From Time, Renounce Religion,
Evoke Flight


You were on level 14 of the Dungeon.
You worshipped Cheibriados.
Cheibriados was exalted by your worship.
You visited 2 branches of the dungeon, and saw 15 of its levels.

You collected 841 gold pieces.
You spent 168 gold pieces at shops.

Inventory:

Hand Weapons
 a - a +2 dagger of venom
 b - a +3 scimitar of flaming (weapon)
 H - a cursed +5 scimitar
Missiles
 d - 56 poisoned darts
 e - 3 curare-tipped darts (quivered)
 E - 8 boomerangs
 G - 4 silver boomerangs
Armour
 c - a +0 cloak (worn)
 h - a cursed +0 pair of gloves (worn)
 F - a +0 tower shield (worn)
 I - a +3 plate armour of cold resistance (worn)
Jewellery
 k - a ring of flight (left hand)
 n - an amulet of guardian spirit (around neck)
 y - an uncursed ring of see invisible
 C - a ring of resist corrosion (right hand)
 N - an uncursed ring of fire
Wands
 r - a wand of iceblast (11)
 s - a wand of acid (8)
 A - a wand of polymorph (8)
 K - a wand of digging (7)
 O - a wand of flame (14)
 P - a wand of enslavement (9)
Scrolls
 i - 4 scrolls of teleportation
 j - a scroll of identify
 l - 2 scrolls of magic mapping
 p - 3 scrolls of fear
 x - 9 scrolls of remove curse
 D - a scroll of immolation
 J - 2 scrolls of blinking
 R - 2 scrolls of amnesia
Potions
 f - 4 potions of curing
 g - 2 potions of brilliance
 m - 5 potions of invisibility
 o - 4 potions of flight
 t - 3 potions of magic
 u - 4 potions of heal wounds
 v - a potion of ambrosia {unknown}
 w - 2 potions of mutation {unknown}
 z - a potion of lignification
 B - a potion of might
 M - a potion of resistance
 Q - a potion of cancellation
 S - a potion of attraction
Miscellaneous
 L - a phantom mirror (inert)


   Skills:
 * Level 8.7 Fighting
 + Level 6.8(8.7) Short Blades
 * Level 8.4(9.5) Long Blades
 + Level 4.0 Throwing
 + Level 5.9 Armour
 + Level 4.5 Dodging
 + Level 6.1 Stealth
 * Level 6.2 Shields
 * Level 7.3 Spellcasting
 * Level 1.6 Conjurations
 * Level 9.8 Invocations
 + Level 0.1 Evocations


You had 18 spell levels left.
You knew the following spells:

 Your Spells              Type           Power        Failure   Level
a - Orb of Destruction    Conj           ###.......   100%        7

Your spell library contained the following spells:

 Spells                   Type           Power        Failure   Level
 Corona                   Hex            ##.....      99%         1
 Freeze                   Ice            ##..         99%         1
 Corpse Rot               Necr/Air       N/A          100%        2
 Slow                     Hex            ##......     100%        2
 Confusing Touch          Hex            ##......     100%        3
 Gell's Gravitas          Tloc           ##........   100%        3
 Inner Flame              Hex/Fire       ##......     100%        3
 Portal Projectile        Hex/Tloc       ##....       100%        3
 Cause Fear               Hex            ##........   100%        4
 Leda's Liquefaction      Hex/Erth       ##........   100%        4
 Petrify                  Tmut/Erth      ##......     100%        4
 Bolt of Magma            Conj/Fire/Erth ##........   100%        5
 Borgnjor's Vile Clutch   Necr/Erth      ##........   100%        5
 Excruciating Wounds      Necr           ##........   100%        5
 Iskenderun's Battlesphe  Conj           ###.....     100%        5
 Metabolic Englaciation   Hex/Ice        ##........   100%        5
 Yara's Violent Unravell  Hex/Tmut       ##........   100%        5
 Iron Shot                Conj/Erth      ###.......   100%        6
 Simulacrum               Ice/Necr       ##........   100%        6
 Spellforged Servitor     Conj/Summ      ###.......   100%        7


Dungeon Overview and Level Annotations

Branches:
Dungeon (14/15)            Temple (1/1) D:5            Lair (0/6) D:10
    Orc (0/2) D:9          Vaults (0/5) D:14

Altars:
Ashenzari
Cheibriados
Dithmenos
Elyvilon
Fedhas
Gozag
Hepliaklqana
Kikubaaqudgha
Makhleb
Nemelex Xobeh
Okawaru
Qazlal
Ru
Sif Muna
Trog
Uskayaw
Vehumet
Wu Jian
Xom
Yredelemnul
Zin
The Shining One

Shops:
D:5 ?   D:9 ?   D:11 (


Innate Abilities, Weirdness & Mutations

You have a pair of large horns on your head.
You are completely covered in molten scales. (AC +4, rF+)
A weak demonic guardian rushes to your aid.


Message History

The curare-tipped dart completely misses the two-headed ogre.
Unknown command.
Unknown command.
Throwing (i - inventory. (/) - cycle)
e - 4 curare-tipped darts (quivered)
Press: ? - help, Shift-Dir - straight line, f/p - two-headed ogre
Aim: a two-headed ogre, wielding a +0 giant spiked club and a +0 giant club (almost dead)
You throw a curare-tipped dart.
The curare-tipped dart barely misses the two-headed ogre.
Unknown command.
The two-headed ogre hits you with a +0 giant spiked club.
* * * LOW HITPOINT WARNING * * *
The two-headed ogre hits you but does no damage.
The two-headed ogre hits you with a +0 giant spiked club!
* * * LOW HITPOINT WARNING * * *
You block the two-headed ogre's attack.
Unknown command.
You hit the two-headed ogre. You burn the two-headed ogre.
The two-headed ogre is almost dead.
The two-headed ogre hits you with a +0 giant spiked club!!
You die...

# ....#..# .# #...#..#
# ..# #...#..#
#.######..##. #...#..#
#............ #...#..#
#....@O....(. #.e.#..#
#....p..†.... #...#..#
#............ #...e...
#.....><..... #...#p)(
#.....<∩†.........#5.#
#.............#...#5.#
#............ #...#..#
#............ #...#..#
#............ #...#..#


You could see a two-headed ogre and a human.

Vanquished Creatures
  2 hydras
  Fannar (D:12)
  Erica (D:10)
  2 two-headed ogres (D:8)
  2 centaur warriors (D:13)
  Urug (D:14)
  An unseen horror (D:13)
  A wolf spider zombie (D:13)
  An ugly thing (D:13)
  4 cyclopes
  4 centaur zombies
  A kobold demonologist (D:13)
  A komodo dragon (D:10)
  2 trolls
  A hornet (D:13)
  4 slime creatures (D:14)
  4 wyverns
  2 basilisks
  A vampire (D:13)
  3 wraiths
  9 humans (D:14)
  23 yaks
  Edmund (D:6)
  A water moccasin (D:6)
  6 orc warriors
  5 ice beasts
  2 black bears
  A phantom (D:6)
  4 sky beasts
  6 ogres
  7 centaurs
  A big kobold (D:8)
  10 bullfrogs
  A wyvern zombie (D:12)
  A water moccasin zombie (D:6)
  4 scorpions
  A wyvern skeleton (D:9)
  5 killer bees (D:10)
  4 howler monkeys
  15 wights
  5 hounds
  14 orc wizards
  A quasit (D:12)
  4 bullfrog zombies
  8 orc priests
  3 centaur skeletons
  4 jellies (D:9)
  A bullfrog skeleton (D:8)
  4 iguanas
  7 worker ants
  A hound skeleton (D:11)
  3 worker ant zombies
  3 gnolls (D:8)
  8 adders
  A shadow imp (D:9)
  A white imp (D:8)
  3 ufetubi
  An ooze (D:2)
  An adder zombie (D:6)
  2 worms
  2 dart slugs (D:3)
  5 leopard geckos
  63 orcs
  6 giant cockroaches
  11 goblins
  5 hobgoblins
  10 jackals
  4 quokkas
  3 ball pythons
  5 bats
  10 frilled lizards
  2 jackal skeletons (D:6)
  9 kobolds
  A leopard gecko zombie (D:8)
  A quokka skeleton (D:6)
  9 rats
367 creatures vanquished.

Vanquished Creatures (collateral kills)
  A two-headed ogre (D:12)
  A redback zombie (D:12)
  A slime creature (D:14)
  A human (D:14)
  A hornet zombie (D:13)
  2 ogres
  A wyvern zombie (D:12)
  2 howler monkeys
  An orc priest (D:5)
  An orc wizard (D:4)
  An adder (D:4)
  3 orcs
  A quokka (D:6)
17 creatures vanquished.

Vanquished Creatures (others)
  18 plants
18 creatures vanquished.

Grand Total: 402 creatures vanquished

Notes
Turn   | Place    | Note
-------+----------+-------------------------------------------
     0 | D:1      | Morbidden the Demonspawn Brigand began the quest for the
                  | Orb.
     0 | D:1      | Reached XP level 1. HP: 16/16 MP: 1/1
   154 | D:1      | Reached skill level 1 in Dodging
   323 | D:1      | Gained mutation: You are partially covered in molten
                  | scales. (AC +2) [demonic ancestry]
   323 | D:1      | Reached XP level 2. HP: 16/22 MP: 2/2
  1513 | D:2      | Reached XP level 3. HP: 26/27 MP: 3/3
  1572 | D:2      | You fall into a shaft and drop 2 floors!
  1633 | D:4      | Gained mutation: A weak demonic guardian rushes to your
                  | aid. [demonic ancestry]
  1633 | D:4      | Reached XP level 4. HP: 26/34 MP: 4/4
  1943 | D:3      | Reached skill level 1 in Spellcasting
  3021 | D:5      | Entered Level 5 of the Dungeon
  3055 | D:5      | Gained mutation: You have a pair of small horns on your
                  | head. [demonic ancestry]
  3055 | D:5      | Reached XP level 5. HP: 39/39 MP: 4/6
  3331 | D:5      | Noticed an ogre
  3355 | D:5      | Killed an ogre
  3355 | D:5      | Reached skill level 1 in Shields
  3573 | D:5      | Noticed a centaur
  3610 | D:5      | Killed a centaur
  3610 | D:5      | Gained mutation: You are mostly covered in molten scales.
                  | (AC +3) [demonic ancestry]
  3610 | D:5      | Reached XP level 6. HP: 14/47 MP: 2/8
  4015 | D:5      | Found Pyokh's Magic Scroll Shop.
  4220 | D:5      | Found a staircase to the Ecumenical Temple.
  4283 | D:5      | Reached skill level 5 in Stealth
  4436 | Temple   | Entered the Ecumenical Temple
  4523 | Temple   | Became a worshipper of Cheibriados the Contemplative
  4835 | D:4      | Reached skill level 1 in Invocations
  4835 | D:4      | Gained mutation: You have a pair of horns on your head.
                  | [demonic ancestry]
  4835 | D:4      | Reached XP level 7. HP: 52/52 MP: 10/10
  5211 | D:6      | Reached * piety under Cheibriados
  5238 | D:6      | Reached skill level 2 in Invocations
  5264 | D:6      | Gained mutation: You have a pair of large horns on your
                  | head. [demonic ancestry]
  5264 | D:6      | Reached XP level 8. HP: 21/60 MP: 7/12
  5618 | D:6      | Found a radiant altar of Vehumet.
  5655 | D:6      | Reached skill level 3 in Invocations
  5900 | D:6      | Reached ** piety under Cheibriados
  6092 | D:6      | Noticed Edmund
  6105 | D:6      | Killed Edmund
  6535 | D:7      | Reached skill level 5 in Fighting
  6535 | D:7      | Reached skill level 4 in Invocations
  6959 | D:7      | Reached *** piety under Cheibriados
  7275 | D:8      | Reached XP level 9. HP: 49/68 MP: 10/14
  7380 | D:8      | Reached skill level 5 in Short Blades
  7380 | D:8      | Reached skill level 1 in Armour
  7737 | D:8      | Identified the Papyrus of the Snowflakes and Dark Rituals
  7783 | D:8      | Noticed a two-headed ogre
  7801 | D:8      | Killed a two-headed ogre
  7801 | D:8      | Reached skill level 5 in Invocations
  7819 | D:8      | Identified the +2 quarterstaff "Kozxux" {venom, rElec MR+
                  | Int-3 Dex+7}
  8614 | D:8      | Found a radiant altar of Vehumet.
  8705 | D:8      | Reached **** piety under Cheibriados
  8972 | D:8      | Noticed a two-headed ogre
  8986 | D:8      | Killed a two-headed ogre
  8986 | D:8      | Reached skill level 6 in Invocations
  8986 | D:8      | Reached XP level 10. HP: 44/76 MP: 9/17
  9429 | D:9      | Found a staircase to the Orcish Mines.
  9768 | D:9      | Reached skill level 5 in Spellcasting
  9884 | D:9      | Found Tujif's Magic Scroll Boutique.
  9888 | D:9      | Bought a scroll of teleportation for 48 gold pieces
  9888 | D:9      | Bought a scroll of blinking for 120 gold pieces
 10389 | D:10     | Entered Level 10 of the Dungeon
 10389 | D:10     | Found a staircase to the Lair.
 10484 | D:10     | Noticed Erica
 10510 | D:10     | Killed Erica
 10733 | D:10     | Reached skill level 7 in Invocations
 10788 | D:10     | Reached ***** piety under Cheibriados
 11659 | D:11     | Reached skill level 5 in Armour
 11661 | D:11     | Reached skill level 1 in Long Blades
 11670 | D:11     | Reached skill level 5 in Shields
 11670 | D:11     | Gained mutation: You are completely covered in molten
                  | scales. (AC +4, rF+) [demonic ancestry]
 11670 | D:11     | Reached XP level 11. HP: 77/83 MP: 17/19
 11707 | D:11     | Found Hagamyha's Weapon Shoppe.
 11934 | D:11     | Reached skill level 8 in Invocations
 12659 | D:12     | Noticed a five-headed hydra
 12673 | D:12     | Killed a one-headed hydra
 12697 | D:12     | Noticed Fannar
 12704 | D:12     | Noticed a two-headed ogre
 12712 | D:12     | Killed a two-headed ogre
 12714 | D:12     | Killed Fannar
 13144 | D:12     | Reached skill level 5 in Long Blades
 13314 | D:13     | Noticed a centaur warrior
 13319 | D:13     | Killed a centaur warrior
 13335 | D:13     | Noticed a red ugly thing
 13340 | D:13     | Killed a red ugly thing
 13369 | D:13     | Reached ****** piety under Cheibriados
 13369 | D:13     | Reached skill level 9 in Invocations
 13389 | D:13     | Reached XP level 12. HP: 66/91 MP: 15/22
 13642 | D:13     | Noticed a centaur warrior
 13657 | D:13     | Killed a centaur warrior
 13863 | D:13     | Noticed a five-headed hydra
 13867 | D:13     | Killed a one-headed hydra
 14067 | D:13     | Learned a level 7 spell: Orb of Destruction
 14201 | D:13     | Reached skill level 1 in Conjurations
 14714 | D:14     | Noticed Urug
 14729 | D:14     | Killed Urug
 14741 | D:14     | Found a gate to the Vaults.
 14741 | D:14     | Noticed a two-headed ogre
 14748 | D:14     | Slain by a two-headed ogre

Illustrated notes

Levels and vault maps discovered:
D:1:      elethiomel_arrival_diamonds, layout_loops_ring, minmay_misc_feat_five,
          minmay_lizard_pond
D:2:      layout_basic
D:3:      layout_rooms, serial_forest, infiniplex_forest_pool,
          infiniplex_forest_lined_room_2, infiniplex_forest_corner_2,
          infiniplex_forest_lined_room_2, infiniplex_forest_end_3,
          infiniplex_forest_end_1, infiniplex_forest_clump_medium,
          infiniplex_forest_clump_diagonal, infiniplex_forest_clump_small,
          infiniplex_forest_clump_long
D:4:      kennysheep_the_goblin_king, layout_rooms
D:5:      layout_loops_corners, minmay_temple_entry_glassed_door, serial_shops,
          shop, serial_bayou_pond_a
D:6:      layout_basic, minmay_ruined_shrine, uniq_edmund
D:7:      layout_basic, serial_glass, glass_columns_a, glass_columns_a,
          glass_columns_a
D:8:      minmay_weird_star, layout_layer_cave, nicolae_overflow_crystal_walls,
          amethyst_killhole
D:9:      layout_long_grid, david_orc_2, serial_shops, nicolae_shop_crystal,
          chequers_serial_rivers_micro_d
D:10:     layout_cave_pools, david_lair_shrubbed, nicolae_benzene_ring,
          uniq_erica
D:11:     layout_roguey, serial_shops, shop
D:12:     layout_rooms, uniq_fannar
D:13:     layout_roguey
D:14:     minmay_big_diamond_grid, layout_long_grid, david_vaults_3,
          lemuel_statue_altar
Temple:   dpeg_three_leaves_temple

Skill      XL: |  1  2  3  4  5  6  7  8  9 10 11 12 |
---------------+-------------------------------------+-----
Dodging        | 1 2 3 4 |  4.5
Stealth        | 4 5 6 |  6.1
Short Blades   | 2 3 4 6 |  6.8
Throwing       | 2 3 4 |  4.0
Spellcasting   | 1 2 3 4 5 6 7 |  7.3
Shields        | 1 2 3 4 5 6 |  6.2
Fighting       | 3 4 5 6 7 8 |  8.7
Invocations    | 1 2 4 6 7 9 |  9.8
Armour         | 3 5 |  5.9
Long Blades    | 1 5 8 |  8.4
Conjurations   | 1 |  1.6
Evocations     | |  0.1

Action                   |  1- 3 |  4- 6 |  7- 9 | 10-12 || total
-------------------------+-------+-------+-------+-------++-------
Melee: Dagger            |    89 |   198 |   379 |   136 ||   802
       Headbutt          |       |    13 |   127 |   233 ||   373
       Scimitar          |       |       |       |   385 ||   385
Throw: Dart              |    13 |     5 |    26 |    23 ||    67
Invok: Slouch            |       |       |       |     4 ||     4
Evoke: Phantom mirror    |       |       |       |     2 ||     2
  Use: Scroll            |       |     5 |     6 |    18 ||    29
       Potion            |       |     6 |     3 |       ||     9
 Stab: Sleeping          |     5 |     9 |     2 |       ||    16
       Distracted        |       |     1 |     2 |    14 ||    17
Armor: Robe              |    18 |    55 |    29 |       ||   102
       Plate armour      |       |       |    71 |   329 ||   400
Dodge: Dodged            |    51 |   100 |   114 |   185 ||   450
Block: Buckler           |       |    27 |    69 |   137 ||   233
       Tower shield      |       |       |       |   129 ||   129
       Rpst.: Scimitar   |       |       |       |    37 ||    37

Table legend: (Time is in decaauts)
 A = Elapsed time spent in this place.
 B = Non-inter-level travel time spent in this place.
 C = Inter-level travel time spent in this place.
 D = Time resting spent in this place.
 E = Time spent auto-exploring this place.
 F = Levels seen in this place.
 G = Mean time per level.
                   A        B        C        D        E       F      G
               +--------+--------+--------+--------+--------+-----+--------+
         Total |  18603 |  17496 |   1107 |    245 |  14241 |  15 | 1240.2 |
       Dungeon |  18505 |  17428 |   1077 |    245 |  14176 |  14 | 1321.8 |
        Temple |     97 |     68 |     29 |      0 |     65 |   1 |   97.0 |
               +--------+--------+--------+--------+--------+-----+--------+

Top non-repeatable levels by time:
     D:8: 2975 daAuts
    D:10: 1734 daAuts
     D:5: 1719 daAuts
     D:6: 1603 daAuts
    D:13: 1552 daAuts
     D:9: 1422 daAuts
    D:11: 1419 daAuts
     D:1: 1183 daAuts
     D:7: 1107 daAuts
    D:12: 950 daAuts
     D:3: 786 daAuts
     D:4: 764 daAuts
     D:2: 746 daAuts
    D:14: 537 daAuts
  Temple: 97 daAuts
